 Dungeon Crawl Stone Soup version 0.30-b1-2-g02819fbbbe (webtiles) character file.

Game seed: 11465910820898356648

60 Mesmaeker13 the Shooter (level 4, -1/35 HPs)
             Began as a Barachi Hunter on June 20, 2023.
             Killed from afar by Natasha (5 damage)
             ... with a magic dart
             ... on level 2 of the Dungeon.
             The game lasted 00:01:42 (1478 turns).

Mesmaeker13 the Shooter (Barachi Hunter)            Turns: 1478, Time: 00:01:43

Health: -1/35      AC:  3    Str: 12    XL:     4   Next: 4%
Magic:  4/4        EV: 13    Int:  9    God:
Gold:   35         SH:  0    Dex: 18    Spells: 3/3 levels left

rFire   + . .        m - +0 flail
rCold   x . .        (no shield)
rNeg    . . .        c - +0 leather armour
rPois   .            (no helmet)
rElec   .            (no cloak)
rCorr   .            (no gloves)
SInv    .            (no boots)
Will    .....        (no amulet)
Stlth   ++           i - ring of fire
HPRegen 0.25/turn    (no ring)
MPRegen 0.09/turn

%: no passive effects
@: slow
A: amphibious, slowness 1, strong legs 1, +LOS
a: Hop


You were on level 2 of the Dungeon.
You visited 1 branch of the dungeon, and saw 2 of its levels.

You collected 35 gold pieces.

Inventory:

Hand Weapons
 a - a +0 shortbow
 g - a +0 short sword
 m - a +0 flail (weapon)
Armour
 c - a +0 leather armour (worn)
 l - a +0 buckler
Jewellery
 i - a ring of fire (left hand)
Scrolls
 b - a scroll of immolation
 d - 2 scrolls of identify {unknown}
 f - 2 scrolls of amnesia {unknown}
 j - a scroll of fear {unknown}
 k - 3 scrolls of teleportation {unknown}
Potions
 e - 3 potions of curing {unknown}
 h - a potion of attraction {unknown}


   Skills:
 + Level 3.4 Fighting
 + Level 4.5 Ranged Weapons
 + Level 3.2 Dodging
 - Level 0.8 Stealth


You had 3 spell levels left.
You didn't know any spells.
Your spell library contained the following spells:

 Spells                   Type           Power      Damage    Failure   Level
 Kiss of Death            Conj/Necr      0%         2d5       45%         1
 Sublimation of Blood     Necr           0%         N/A       61%         2
 Wereblood                Tmut           0%         N/A       61%         2
 Confusing Touch          Hex            0%         N/A       83%         3
 Dispel Undead            Necr           0%         3d6       99%         4
 Summon Hydra             Summ           0%         N/A       100%        7


Dungeon Overview and Level Annotations

Branches:
Dungeon (2/15)

Altars:

Annotations:
D:2 Natasha


Innate Abilities, Weirdness & Mutations

You are amphibious.
You cover ground slowly.
You can hop short distances.
You have an extended range of vision and can be seen from far away.


Message History

Aim: Natasha (lightly wounded, 58% to hit)
You shoot an arrow. The arrow closely misses Natasha.
Natasha claws you.
The cerulean imp hits you but does no damage.
Fire: a) +0 shortbow
Press: ? - help, Q - select action, (/) - cycle Shift-Dir - straight line, f/p - Natasha
Aim: Natasha (lightly wounded, 58% to hit)
You shoot an arrow. The arrow closely misses Natasha.
Natasha casts a spell.
The cerulean imp barely misses you.
m - a +0 flail (weapon)
Natasha wildly gestures.
Natasha shimmers violently.
Natasha claws you. The cerulean imp barely misses you.
Unknown command.
You sock Natasha!
Natasha is heavily wounded.
The cerulean imp misses you. Natasha claws you.
The cerulean imp closely misses you.
You closely miss Natasha.
Natasha is heavily wounded.
The cerulean imp hits you with a +0 spear.
Natasha casts a spell.
The cerulean imp hits you from afar with a +2 spear.
The cerulean imp closely misses you.
You closely miss Natasha.
Natasha is heavily wounded.
Natasha claws you!
* * * LOW HITPOINT WARNING * * *
The cerulean imp misses you. The cerulean imp closely misses you.
Natasha claws you.
* * * LOW HITPOINT WARNING * * *
The cerulean imp closely misses you.
You closely miss Natasha.
Natasha is heavily wounded.
The cerulean imp hits you with a +0 spear.
* * * LOW HITPOINT WARNING * * *
Natasha casts a spell at you. The magic dart hits you.
You die...

#.# #.# #.#
#.###.###.# #+#
#.........# #.#
#####.##### #.#
#.# ##.## #.#
##...## #.#
......# #.#
#....######## #@#
##....)......55h5#
#.#.##############
.##.# ###.# #.#
#.# ###.# ..#.#


You could see Natasha and 3 cerulean imps.

Vanquished Creatures
  An adder (D:2)
  A dart slug (D:2)
  2 endoplasms (D:1)
  6 giant cockroaches
  5 goblins
  3 hobgoblins (D:1)
  6 quokkas
  6 ball pythons
  5 bats
  4 frilled lizards
  4 kobolds
  3 rats (D:1)
46 creatures vanquished.

Notes
Turn   | Place    | Note
-------+----------+-------------------------------------------
     0 | D:1      | Mesmaeker13 the Barachi Hunter began the quest for the Orb.
     0 | D:1      | Reached XP level 1. HP: 17/17 MP: 1/1
   146 | D:1      | Reached XP level 2. HP: 23/23 MP: 2/2
   328 | D:1      | Reached XP level 3. HP: 29/29 MP: 3/3
  1235 | D:2      | Reached XP level 4. HP: 32/35 MP: 4/4
  1468 | D:2      | Noticed Natasha
  1478 | D:2      | Killed from afar by Natasha

Illustrated notes

Levels and vault maps discovered:
D:1:      minmay_arrival_loop, layout_loops_ring, st_stairs_4,
          roderic_cross_of_infinity
D:2:      layout_loops_corners, uniq_natasha

Skill      XL: |  1  2  3 |
---------------+----------+-----
Fighting       | 3 |  3.4
Dodging        | 3 |  3.2
Ranged Weapons | |  4.5
Stealth        | |  0.8

Action                     |  1- 3 |  4- 6 || total
---------------------------+-------+-------++-------
  Melee: Flail             |       |     4 ||     4
   Fire: Shortbow          |   119 |     9 ||   128
Ability: Hop               |     1 |       ||     1
 Armour: Leather armour    |    12 |     1 ||    13
  Dodge: Dodged            |    34 |     9 ||    43
